Map: Moonlight Madness LE (Void)

Players

wabbajack

  • Race: Zerg Zerg
  • League: Bronze

Ralu - Winner!

  • Race: Terran Terran
  • League: Bronze

VOD

Have the link to the VOD?

Description

Time

  • Played on: July 16, 2015, 2:32 p.m.
  • Length: 8:52
Show
View Real Time Build Order
Export as new Build Order

wabbajack Zerg 

Build Orders: Pool First 

Get SALT Encoding   

  12  0:01  Drone  
  13  0:14  Overlord  
  13  0:18  Drone  
  14  0:24  Drone, Extractor  
  14  0:41  Spawning Pool  
  13  0:51  Drone  
  13  0:52  Drone  
  13  0:54  Drone  
  16  1:02  Drone  
  17  1:13  Drone  
  18  1:29  Queen, Zergling x2  
  18  1:32  Metabolic Boost  
  21  1:35  Overlord  
  21  1:45  Drone  
  22  1:58  Drone  
  23  2:06  Hatchery  
  22  2:12  Pneumatized Carapace  
  22  2:30  Zergling x6  
  22  2:32  Spine Crawler  
  24  2:40  Zergling x6  
  24  2:42  Zergling x2  
  28  2:57  Queen  
  26  4:14  Queen  
  26  4:15  Overlord  
  28  4:18  Lair  
  28  4:22  Drone x8  
  36  4:30  Evolution Chamber x2  
  33  4:32  Roach Warren  
  29  4:52  Baneling Nest  
  28  5:09  Zerg Ground Armor Level 1  
  28  5:13  Roach x5  
  28  5:14  Roach  
  40  5:15  Drone x3  
  40  5:17  Overlord  
  43  5:43  Drone  
  43  5:44  Drone x2  
  44  5:52  Zergling x8  
  40  6:04  Zergling x2  
  40  6:05  Zergling x26  
  49  6:15  Baneling  
  49  6:16  Baneling x6  
  43  6:40  Extractor  
  40  7:05  Queen  
  42  7:08  Drone  
  42  7:09  Drone x8  
  47  7:34  Zergling x2  
  47  7:35  Zergling x8  
  52  7:51  Overlord  
  52  7:52  Overlord x3  
  52  7:58  Hydralisk Den  
  52  8:00  Hatchery, Drone  
  52  8:02  Drone  
  46  8:16  Baneling x4  
  46  8:17  Baneling x5  
  46  8:20  Drone  
  46  8:21  Hatchery, Drone x2, Extractor x2  
  46  8:25  Drone  
Show
View Real Time Build Order
Export as new Build Order

Ralu Terran - Winner!

Build Orders: MMM Bio 

Get SALT Encoding   

  12  0:01  SCV  
  13  0:13  SCV  
  14  0:18  Supply Depot  
  14  0:25  SCV  
  15  0:39  SCV  
  15  0:40  Barracks  
  16  0:52  SCV  
  17  1:04  SCV  
  18  1:16  SCV  
  19  1:25  Command Center  
  19  1:31  Marine  
  20  1:36  Orbital Command  
  20  1:49  Supply Depot  
  20  1:55  Bunker  
  20  1:59  Marine  
  21  2:03  Barracks  
  21  2:06  SCV  
  22  2:22  Marine  
  23  2:26  Barracks  
  22  2:51  Refinery  
  22  2:54  Refinery  
  22  2:56  Barracks  
  22  2:57  SCV  
  23  2:59  Barracks, Orbital Command  
  23  3:00  Marine x2  
  25  3:18  Marine x2  
  27  3:22  Orbital Command  
  27  3:26  Barracks Tech Lab  
  27  3:36  Marine x2  
  28  3:54  Marine x2  
  29  3:55  Marine  
  30  4:11  Marine  
  30  4:12  Marine  
  30  4:13  Marine  
  30  4:14  Orbital Command  
  33  4:29  Marine x2  
  35  4:31  Marine  
  36  4:39  Orbital Command  
  36  4:44  Combat Shields  
  36  4:47  Marine x2  
  36  4:49  Marine  
  39  5:05  Marine x2  
  41  5:07  Marine  
  42  5:23  Marine x4  
  46  5:30  Supply Depot  
  46  5:32  Supply Depot  
  46  5:38  Marine  
  46  5:39  SCV x2  
  46  5:40  Marine  
  46  5:41  Marine x3  
  51  5:56  Marine  
  49  5:58  Marine x3  
  49  5:59  Marine  
  45  6:14  Marine  
  45  6:16  Marine x4  
  50  6:20  Stimpack  
  48  6:32  Marine  
  43  6:34  Command Center, Marine x4  
  43  6:38  SCV x2  
  43  6:39  Factory  
  36  6:50  SCV, Marine  
  36  6:52  Marine x4  
  37  7:07  Marine  
  38  7:09  Marine  
  38  7:10  Marine x3  
  42  7:25  Marine  
  42  7:27  Marine x2  
  42  7:28  Marine x2  
  47  7:32  Supply Depot  
  47  7:37  Widow Mine  
  47  7:42  Orbital Command  
  47  7:43  Marine  
  50  7:45  Marine x4  
  54  8:01  Marine  
  54  8:03  Marine x4  
  54  8:05  Widow Mine  
  61  8:13  SCV x2  
  61  8:19  Starport, Marine  
  64  8:21  Marine  
  64  8:23  Marine  
  64  8:25  SCV x2  
Tags
 
Add a new tag
Caveats
  • Supply blocks, unpowered buildings, or Contaminate may cause inaccurate times.
  • Supply counts are checked every 10 seconds.